 Dungeon Crawl Stone Soup version 0.28-a0-779-g3d1f99b579 (webtiles) character file.

Game seed: 13746399520417481053

59 ytrimaz the Conjurer (level 4, 11/25 (27) HPs)
             Began as an Octopode Conjurer on Nov 2, 2021.
             Quit the game on level 2 of the Dungeon.
             The game lasted 00:01:25 (1576 turns).

ytrimaz the Conjurer (Octopode Conjurer)            Turns: 1576, Time: 00:01:25

HP:   11/25 (27)    AC:  1    Str:  6    XL:     4   Next: 3%
MP:   2/8           EV: 13    Int: 21    God:
Gold: 24            SH:  0    Dex: 10    Spells: 7/8 levels left

rFire   . . .      SeeInvis .   (no weapon)
rCold   . . .      Faith    .   (no shield)
rNeg    . . .      Spirit   .   (helmet restricted)
rPois   .          Reflect  .   (no amulet)
rElec   .          Harm     .   (no ring)
rCorr   .          Rampage  .   (no ring)
Will    .....                   (no ring)
Stlth   +++.......              (no ring)
HPRegen 0.08/turn               (no ring)
MPRegen 0.11/turn               (no ring)
                                (no ring)
                                (no ring)

@: drained
A: almost no armour, amphibious, 8 rings, camouflage 1, gelatinous body 1,
(nimble swimmer 1), tentacles
a: no special abilities


You were on level 2 of the Dungeon.
You visited 1 branch of the dungeon, and saw 2 of its levels.

You collected 24 gold pieces.

Inventory:

Scrolls
 a - a scroll of blinking {unknown}
 b - a scroll of identify {unknown}


   Skills:
 - Level 2.0 Dodging
 - Level 2.6 Stealth
 * Level 2.7 Spellcasting
 + Level 5.0 Conjurations


You had 7 spell levels left.
You knew the following spells:

 Your Spells              Type           Power      Damage    Failure   Level
a - Magic Dart            Conj           96%        1d7       1%          1

Your spell library contained the following spells:

 Spells                   Type           Power      Damage    Failure   Level
 Searing Ray              Conj           48%        2d6       2%          2
 Dazzling Flash           Conj/Hex       26%        N/A       14%         3
 Ozocubu's Armour         Ice            2%         N/A       38%         3
 Fulminant Prism          Conj/Hex       6%         3d7       43%         4
 Iskenderun's Mystic Bla  Conj/Tloc      13%        2d5       43%         4
 Metabolic Englaciation   Hex/Ice        1%         N/A       98%         5
 Simulacrum               Ice/Necr       1%         N/A       100%        6


Dungeon Overview and Level Annotations

Branches:
Dungeon (2/15)

Altars:


Innate Abilities, Weirdness & Mutations

You cannot wear most types of armour.
You are amphibious.
You can wear up to eight rings at the same time.
Your skin changes colour to match your surroundings (Stealth+).
Your rubbery body absorbs attacks. (AC +1, EV +1)
((You are camouflaged near water. (Stealth+)))
You have tentacles for arms and can constrict up to eight enemies at once.


Message History

The magic dart hits the gnoll.
The gnoll is almost dead.
The magic dart hits the gnoll.
You kill the gnoll!
Your Conjurations skill increases to level 5!
You have reached level 4!
The gnoll closely misses you. The adder misses you.
The adder barely misses you.
Found a faded altar of an unknown god.
The adder bites you.
A spectral kobold comes into view.
The adder misses you. The spectral kobold closely misses you.
The magic dart hits the spectral kobold.
The spectral kobold is heavily damaged.
The adder misses you. The spectral kobold closely misses you.
The magic dart hits the spectral kobold but does no damage.
The spectral kobold is heavily damaged.
The adder bites you. The spectral kobold hits you.
You feel drained. The adder misses you. The spectral kobold hits you.
You feel drained.
Found 6 gold pieces.
The adder bites you.
You are too depleted to draw on your mana recklessly!
You are too depleted to draw on your mana recklessly!
You are too depleted to draw on your mana recklessly!
The adder bites you.
A goblin comes into view. It is wielding a +0 dagger.
The adder closely misses you. The adder barely misses you. The adder bites you.
The adder bites you.
You are poisoned.
The adder poisons you!
You feel sick.
You feel sick.
You feel sick.
You feel sick. The adder completely misses you.
You feel sick.
You are no longer poisoned.
Found 7 stones.
The adder bites you.
Are you sure you want to abandon this character and quit the game? (Confirm with "yes".)

.......+..## ...
......≈≈≈.≈ ...
.≈≈##≈≈≈≈ .. #.#8.#≈≈#
.. #g#.≈≈g._ #.
#≈#≈#≈... #. #.≈.≈≈≈≈≈
(.####.#########..≈≈≈.≈.
.......@S.Z.g.g....##≈≈.
####.#.##########..≈##++
#. #....≈. #. #....#..
#. +....+ . ## #....# .
.....


You could see a spectral kobold, a gnoll, an adder and a goblin.

Vanquished Creatures
  4 gnolls (D:2)
  2 bats (D:1)
  4 endoplasms
  2 goblins (D:1)
  A quokka (D:1)
  4 ball pythons
  A frilled lizard (D:1)
  2 kobolds
  3 rats
23 creatures vanquished.

Vanquished Creatures (others)
  7 plants (D:1)
7 creatures vanquished.

Grand Total: 30 creatures vanquished

Notes
Turn   | Place    | Note
-------+----------+-------------------------------------------
     0 | D:1      | ytrimaz the Octopode Conjurer began the quest for the Orb.
     0 | D:1      | Reached XP level 1. HP: 11/11 MP: 3/3
   319 | D:1      | Reached XP level 2. HP: 17/17 MP: 0/5
  1259 | D:2      | Reached XP level 3. HP: 21/21 MP: 0/6
  1545 | D:2      | Reached skill level 5 in Conjurations
  1545 | D:2      | Reached XP level 4. HP: 27/27 MP: 0/8
  1553 | D:2      | Found a faded altar of an unknown god.
  1576 | D:2      | Quit the game

Illustrated notes

Levels and vault maps discovered:
D:1:      dpeg_arrival_simpleton_a, layout_loops_ring, serial_forest,
          infiniplex_forest_lined_room_, infiniplex_forest_3_way,
          infiniplex_forest_clump_medium, infiniplex_forest_clump_tiny,
          infiniplex_forest_clump_large, infiniplex_forest_3_way,
          infiniplex_forest_lined_corner
D:2:      layout_basic, dreamdust_ecumenical_altar_drowned_temple,
          kennysheep_generic_room_14

Skill      XL: |  1  2  3 |
---------------+----------+-----
Conjurations   | 5 |  5.0
Dodging        | |  2.0
Stealth        | |  2.6
Spellcasting   | |  2.7

Action                   |  1- 3 |  4- 6 || total
-------------------------+-------+-------++-------
Melee: Unarmed           |    17 |       ||    17
       Constrict         |     3 |       ||     3
       Tentacles         |     1 |       ||     1
 Cast: Magic Dart        |    42 |     2 ||    44
  Use: Potion            |     1 |       ||     1
Dodge: Dodged            |     7 |    11 ||    18

Table legend: (Time is in decaauts)
 A = Elapsed time spent in this place.
 B = Non-inter-level travel time spent in this place.
 C = Inter-level travel time spent in this place.
 D = Time resting spent in this place.
 E = Time spent auto-exploring this place.
 F = Levels seen in this place.
 G = Mean time per level.
                   A        B        C        D        E       F      G
               +--------+--------+--------+--------+--------+-----+--------+
         Total |   1580 |   1544 |     36 |     34 |   1354 |   2 |  790.0 |
       Dungeon |   1580 |   1544 |     36 |     34 |   1354 |   2 |  790.0 |
               +--------+--------+--------+--------+--------+-----+--------+

Top non-repeatable levels by time:
     D:1: 1242 daAuts
     D:2: 338 daAuts
